 Dungeon Crawl Stone Soup version 0.21.1-1-g345015f (webtiles) character file.

79 letownia2 the Poker (level 4, -7/33 HPs)
             Began as a Merfolk Skald on Mar 12, 2018.
             Killed by divine providence
             ... invoked by an orc priest
              (17 damage)
             ... on level 4 of the Dungeon.
             The game lasted 00:04:40 (800 turns).

letownia2 the Poker (Merfolk Skald)                  Turns: 800, Time: 00:04:40

Health: -7/33      AC:  4    Str: 11    XL:     4   Next: 37%
Magic:  4/7        EV: 12    Int: 13    God:
Gold:   40         SH:  0    Dex: 13    Spells: 1/7 levels left

rFire    . . .     SeeInvis .   a - +0 spear
rCold    . . .     Gourm    .   (no shield)
rNeg     . . .     Faith    .   b - +0 leather armour
rPois    .         Spirit   .   (no helmet)
rElec    .         Reflect  .   (no cloak)
rCorr    .         Harm     .   f - +0 pair of gloves
MR       .....     Rnd*Tele +   (no boots)
Stlth    +.........             (no amulet)
HPRegen  0.11/turn              j - ring of teleportation (curse)
MPRegen  0.10/turn              (no ring)

@: shrouded (expiring)
A: change form in water, swift swim, stealthy swim
a: no special abilities


You were on level 4 of the Dungeon.
You were not hungry.

You visited 1 branch of the dungeon, and saw 4 of its levels.

You collected 40 gold pieces.

Inventory:

Hand Weapons
 a - a +0 spear (weapon)
 l - a +0 vampiric dagger
Armour
 b - a +0 leather armour (worn)
 f - a +0 pair of gloves (worn)
Jewellery
 j - a cursed ring of teleportation (left hand)
 o - an uncursed ring of ice
Wands
 n - a wand of polymorph (9)
Scrolls
 e - a scroll of identify
 i - 2 scrolls of blinking
Potions
 g - 2 potions of lignification {unknown}
 h - a potion of agility {unknown}
 k - a potion of flight
 m - a potion of curing {unknown}
Books
 c - a book of Battle

   Spells                             Type                      Level
   a - Infusion                       Charms                       1
   b - Shroud of Golubria             Charms/Translocation         2
   c - Song of Slaying                Charms                       2
   d - Spectral Weapon                Hexes/Charms                 3
   e - Regeneration                   Charms/Necromancy            3
Comestibles
 d - 2 rations
 p - a chunk of flesh


   Skills:
 - Level 2.1 Fighting
 + Level 4.8 Polearms
 - Level 0.6 Armour
 - Level 2.6 Dodging
 - Level 2.0 Spellcasting
 - Level 1.8 Hexes
 - Level 3.2 Charms
 - Level 1.5 Translocations


You had one spell level left.
You knew the following spells:

 Your Spells              Type           Power        Failure   Level  Hunger
a - Infusion              Chrm           #...         9%          1    ##.....
t - Shroud of Golubria    Chrm/Tloc      #.........   19%         2    ###....
x - Spectral Weapon       Hex/Chrm       #.......     34%         3    ####...


Dungeon Overview and Level Annotations

Branches:
Dungeon (4/15)
 Temple: D:4-7

Altars:
Gozag
Vehumet


Message History

You closely miss the adder.
The adder is heavily wounded.
Your shroud begins to fray at the edges.
The adder bites you but does no damage.
Attack whom?
Press: ? - help, Dir - move target cursor, f/p - adder
Aim: an adder (heavily wounded)
You hit the adder.
The adder is almost dead.
The adder misses you.
Unknown command.
The adder misses you.
An orc comes into view. It is wielding a flail.
An orc and an orc priest come into view.
The orc shouts!
The orc priest shouts!
The orc completely misses you.
The orc priest mumbles some strange prayers to Beogh against you.
Beogh smites you!
Ouch! That really hurt!
You die...

######.##
........#
........#
........# ##
..>.....# ...
...>....# $.#.
........# o....
......Sg##.o...(
........@o.#
........####
#########


You could see an orc priest, a gnoll, an adder and 2 orcs.

Vanquished Creatures
  6 adders
  2 orcs (D:3)
  A giant cockroach (D:3)
  A goblin (D:2)
  3 hobgoblins
  A jackal (D:4)
  A quokka (D:3)
  4 bats
  A frilled lizard (D:3)
  3 kobolds (D:2)
  A leopard gecko skeleton (D:4)
  4 rats
28 creatures vanquished.

Notes
Turn   | Place    | Note
-------+----------+-------------------------------------------
     0 | D:1      | letownia2 the Merfolk Skald began the quest for the Orb.
     0 | D:1      | Reached XP level 1. HP: 16/16 MP: 3/3
   101 | D:2      | Found an opulent altar of Gozag.
   187 | D:2      | Reached skill level 4 in Polearms
   187 | D:2      | Reached XP level 2. HP: 14/22 MP: 0/5
   237 | D:2      | Learned a level 2 spell: Shroud of Golubria
   266 | D:2      | Reached skill level 1 in Translocations
   409 | D:3      | Reached XP level 3. HP: 21/27 MP: 0/6
   414 | D:3      | Learned a level 3 spell: Spectral Weapon
   442 | D:3      | Found a radiant altar of Vehumet.
   490 | D:3      | Reached skill level 1 in Hexes
   619 | D:4      | Reached XP level 4. HP: 21/33 MP: 3/7
   800 | D:4      | Killed from afar by an orc priest

Skill      XL: |  1  2  3 |
---------------+----------+-----
Polearms       | 4 |  4.8
Translocations | 1 |  1.5
Hexes          | 1 |  1.8
Fighting       | |  2.1
Armour         | |  0.6
Dodging        | |  2.6
Spellcasting   | |  2.0
Charms         | |  3.2

Action                   |  1- 3 |  4- 6 || total
-------------------------+-------+-------++-------
Melee: Spear             |   121 |    52 ||   173
 Cast: Infusion          |     6 |       ||     6
       Shroud of Golubri |     8 |     6 ||    14
  Use: Scroll            |     2 |       ||     2
 Stab: Sleeping          |     2 |       ||     2
  Eat: Chunk             |       |     1 ||     1
Armor: Leather armour    |    38 |    10 ||    48
Dodge: Dodged            |    72 |    43 ||   115
